 Dungeon Crawl Stone Soup version 0.24.1-11-gbbbb2193e6 (webtiles) character file.

Game seed: 6000579347411114200, levelgen mode: deterministic

179 Gabide the Slasher (level 5, -2/39 HPs)
             Began as a Human Gladiator on May 15, 2020.
             Slain by a slave (3 damage)
             ... led by Pikel
             ... on level 4 of the Dungeon.
             The game lasted 00:05:37 (2014 turns).

Gabide the Slasher (Human Gladiator)                Turns: 2014, Time: 00:05:38

Health: -2/39      AC:  8    Str: 15    XL:     5   Next: 90%
Magic:  5/5        EV: 12    Int:  8    God:
Gold:   172        SH:  0    Dex: 15    Spells: 4/4 levels left

rFire    . . .     SeeInvis .   a - +2 long sword
rCold    . . .     Gourm    .   (no shield)
rNeg     . . .     Faith    .   o - +1 ring mail
rPois    .         Spirit   .   g - +0 helmet (curse)
rElec    .         Reflect  .   (no cloak)
rCorr    .         Harm     .   (no gloves)
MR       .....                  p - +0 pair of boots (curse)
Stlth    +.........             (no amulet)
HPRegen  0.13/turn              (no ring)
MPRegen  0.09/turn              (no ring)

@: no status effects
A: no striking features
a: no special abilities


You were on level 4 of the Dungeon.
You were not hungry.

You visited 1 branch of the dungeon, and saw 4 of its levels.

You collected 172 gold pieces.

Inventory:

Hand Weapons
 a - a +2 long sword (weapon)
Missiles
 c - 8 javelins (quivered)
 d - 4 throwing nets
 r - 2 boomerangs
Armour
 g - a cursed +0 helmet (worn)
 o - a +1 ring mail (worn)
 p - a cursed +0 pair of boots (worn)
Scrolls
 h - 3 scrolls of remove curse
Potions
 b - 2 potions of curing {unknown}
 e - a potion of resistance
 i - 2 potions of degeneration {unknown}
 j - a potion of might {unknown}
 k - a potion of mutation {unknown}
 l - 2 potions of lignification
 m - 2 potions of haste {unknown}
 n - a potion of heal wounds {unknown}
Comestibles
 f - 11 rations


   Skills:
 + Level 2.6 Fighting
 * Level 5.2 Long Blades
 + Level 2.0 Throwing
 + Level 1.1 Armour
 + Level 3.5 Dodging


You had 4 spell levels left.
You didn't know any spells.
Your spell library contained the following spells:

 Spells                   Type           Power        Failure   Level  Hunger
 Corona                   Hex            #......      65%         1    ##.....
 Ensorcelled Hibernation  Hex/Ice        #.....       78%         2    ###....
 Confuse                  Hex            #.......     95%         3    ####...
 Dazzling Spray           Conj/Hex       #.....       95%         3    ####...
 Tukima's Dance           Hex            #.......     95%         3    ####...


Dungeon Overview and Level Annotations

Branches:
Dungeon (4/15)
 Temple: D:4-7

Altars:
Wu Jian


Message History

The slave is heavily wounded.
The slave hits you.
* * * LOW HITPOINT WARNING * * *
You hit the slave but do no damage.
The slave is heavily wounded.
The slave hits you but does no damage.
You hit the slave.
The slave is severely wounded.
The slave hits you but does no damage.
You hit the slave.
The slave is almost dead.
The slave hits you.
* * * LOW HITPOINT WARNING * * *
All of the chunks of flesh in your inventory have rotted away.
You barely miss the slave.
The slave is almost dead.
The slave barely misses you.
You riposte.
You closely miss the slave.
The slave is almost dead.
The slave hits you.
You die...

...# ##.####........###...## ...#
#..# ##.....### #....## #..#
##..# ##.......###.....##
...###..# ###.........#.......#
........###.#.....##.......#.....
......†..........###.......## ...
..##†))...##...### #.#.p....# .
...#......##..######...........
...........#....@pp#....p.......
..........#.....##p#......).##..
.........#......#...............
.........#......###...#........
...........#.....##...##.......
...........#......#.......####
...........#............#
..........#.###.#......#
.......##.# ####..#%..


You could see 3 slaves.

Vanquished Creatures
  An orc wizard (D:4)
  Jessica (D:2)
  5 adders
  2 worms (D:2)
  A dart slug (D:1)
  A leopard gecko (D:1)
  4 orcs
  A ball python (D:1)
  2 giant cockroaches
  8 goblins
  6 hobgoblins
  8 jackals
  2 quokkas
  7 bats
  6 kobolds
  10 rats
65 creatures vanquished.

Notes
Turn   | Place    | Note
-------+----------+-------------------------------------------
     0 | D:1      | Gabide the Human Gladiator began the quest for the Orb.
     0 | D:1      | Reached XP level 1. HP: 16/16 MP: 1/1
   407 | D:1      | Reached XP level 2. HP: 22/22 MP: 2/2
   569 | D:1      | Reached XP level 3. HP: 20/27 MP: 3/3
   926 | D:2      | Noticed Jessica
   933 | D:2      | Killed Jessica
   933 | D:2      | Reached skill level 4 in Long Blades
   933 | D:2      | Reached XP level 4. HP: 28/34 MP: 4/4
  1350 | D:2      | Found an ornate altar of the Wu Jian Council.
  1549 | D:3      | Reached XP level 5. HP: 36/39 MP: 5/5
  1958 | D:4      | Reached skill level 5 in Long Blades
  1958 | D:4      | Reached skill level 1 in Armour
  1988 | D:4      | Noticed a slave
  1989 | D:4      | Noticed a slave
  1989 | D:4      | Noticed a slave
  1995 | D:4      | Noticed a slave
  2013 | D:4      | HP: 1/39 [slave[Pikel] (5)]
  2014 | D:4      | Slain by a slave

Levels and vault maps discovered:
D:1:      minmay_arrival_cross, layout_basic
D:2:      layout_rooms, old_standard_altar, kennysheep_jessica_study
D:3:      layout_rooms, first_ration
D:4:      layout_cave_pools, uniq_pikel

Skill      XL: |  1  2  3  4  5 |
---------------+----------------+-----
Long Blades    | 4 5 |  5.2
Armour         | 1 |  1.1
Fighting       | |  2.6
Throwing       | |  2.0
Dodging        | |  3.5

Action                   |  1- 3 |  4- 6 || total
-------------------------+-------+-------++-------
Melee: Long sword        |    65 |   124 ||   189
Throw: Stone             |     1 |       ||     1
  Use: Scroll            |     5 |     6 ||    11
 Stab: Sleeping          |     2 |       ||     2
  Eat: Chunk             |       |     4 ||     4
Armor: Leather armour    |    14 |       ||    14
       Skin              |     1 |       ||     1
       Ring mail         |       |    61 ||    61
Dodge: Dodged            |    65 |   106 ||   171
       Rpst.: Long sword |    24 |    29 ||    53
